 Dungeon Crawl Stone Soup version 0.21.1-1-g345015f (webtiles) character file.

1166 vatarom the Caller (level 8, -2/63 HPs)
             Began as a Merfolk Summoner on Apr 12, 2018.
             Slain by a hound (5 damage)
             ... on level 6 of the Dungeon.
             The game lasted 00:15:03 (6898 turns).

vatarom the Caller (Merfolk Summoner)               Turns: 6898, Time: 00:15:03

Health: -2/63      AC:  8    Str: 10    XL:     8   Next: 40%
Magic:  23/23      EV: 13    Int: 15    God:
Gold:   211        SH:  0    Dex: 14    Spells: 1/15 levels left

rFire    . . .     SeeInvis .   j - +2 mace (crush)
rCold    . . .     Gourm    .   (no shield)
rNeg     + . .     Faith    .   G - +1 robe {rN+}
rPois    .         Spirit   .   p - +0 hat
rElec    .         Reflect  .   (no cloak)
rCorr    .         Harm     .   i - +1 pair of gloves
MR       .....                  (no boots)
Stlth    ++........             (no amulet)
HPRegen  0.20/turn              u - ring of magical power
MPRegen  0.18/turn              s - +3 ring of protection

@: studying Invocations
A: change form in water, swift swim, stealthy swim
a: no special abilities


You were on level 6 of the Dungeon.
You were hungry.

You visited 2 branches of the dungeon, and saw 7 of its levels.

You collected 211 gold pieces.

Inventory:

Hand Weapons
 j - a +2 mace of crushing (weapon)
Armour
 i - a +1 pair of gloves (worn)
 p - a +0 hat (worn)
 G - a +1 robe of positive energy (worn)
Jewellery
 a - an uncursed ring of positive energy
 o - an uncursed ring of resist corrosion
 s - a +3 ring of protection (right hand)
 t - an uncursed ring of flight
 u - a ring of magical power (left hand)
Scrolls
 c - a scroll of enchant armour
 d - a scroll of amnesia {unknown}
 e - 2 scrolls of fog {unknown}
 f - a scroll of enchant weapon {unknown}
 l - 5 scrolls of remove curse {unknown}
 n - 3 scrolls of magic mapping
 v - 3 scrolls of teleportation {unknown}
 w - a scroll of random uselessness {unknown}
 y - 2 scrolls of identify
 A - a scroll of immolation
 E - a scroll of noise {unknown}
Potions
 h - 2 potions of brilliance {unknown}
 k - 2 potions of might
 m - 3 potions of heal wounds {unknown}
 q - a potion of lignification {unknown}
 r - a potion of resistance {unknown}
 z - a potion of magic {unknown}
 B - a potion of cancellation {unknown}
 D - a potion of flight {unknown}
Books
 b - a book of Callings

   Spells                             Type                      Level
   a - Summon Small Mammal            Summoning                    1
   b - Call Imp                       Summoning                    2
   c - Call Canine Familiar           Summoning                    3
   d - Summon Guardian Golem          Hexes/Summoning              3
   e - Summon Lightning Spire         Summoning/Air                4
   f - Summon Ice Beast               Ice/Summoning                4
 x - a manual of Invocations
Comestibles
 F - 6 rations


   Skills:
 + Level 5.5 Fighting
 - Level 2.6 Dodging
 - Level 2.1 Stealth
 + Level 4.4 Spellcasting
 * Level 7.5 Summonings
 - Level 2.8 Ice Magic


You had one spell level left.
You knew the following spells:

 Your Spells              Type           Power        Failure   Level  Hunger
a - Summon Small Mammal   Summ           ####         1%          1    None
b - Call Imp              Summ           ####....     1%          2    ##.....
c - Call Canine Familiar  Summ           ####....     2%          3    ###....
d - Summon Ice Beast      Ice/Summ       ###.....     21%         4    ####...
e - Summon Lightning Spi  Summ/Air       ##......     36%         4    ####...


Dungeon Overview and Level Annotations

Branches:
Dungeon (6/15)             Temple (1/1) D:6

Altars:
Ashenzari
Cheibriados
Dithmenos
Elyvilon
Fedhas
Gozag
Hepliaklqana
Kikubaaqudgha
Makhleb
Nemelex Xobeh
Okawaru
Qazlal
Ru
Sif Muna
Trog
Uskayaw
Vehumet
Wu Jian
Xom
Yredelemnul
Zin
The Shining One
Jiyva


Message History

The hound bites you.
* * * LOW HITPOINT WARNING * * *
Unknown command.
As you read the scroll labeled BEGAQI PORPHORA, it crumbles to dust.
The creatures around you are filled with an inner flame!
It was a scroll of immolation.
Something hits you.
* * * LOW HITPOINT WARNING * * *
The hound closely misses you.
Unknown command.
Something hits you.
* * * LOW HITPOINT WARNING * * *
The hound bites you but does no damage.
As you read the scroll labeled KASKYG GEUNIG, it crumbles to dust.
It is a scroll of enchant armour.
Your +0 pair of gloves glows green for a moment.
Something hits you!
* * * LOW HITPOINT WARNING * * *
The hound stops to sniff the ground.
The hound bites you.
You die...

######### #........ ###
#........ ###..
#........ ##..[#
#........ #..###
##........ ###.## ###
#h...# ##...###
....##.@.## #..#...##
.$......#### #.##.>...
#..###.....#####>##.....
##.................##...
...#..###..##..##......
##.... ##.##.#######..
...... #.#..####.....
......# #.).......##..
.##.#..###..#.#######..


You could see a hound (inner flame).

Vanquished Creatures
  A centaur (D:4)
  A water moccasin skeleton (D:5)
  3 crimson imps
  2 jellies
  An orc priest (D:5)
  A hound (D:4)
  An orc wizard (D:5)
  4 worker ants (D:5)
  A worker ant zombie (D:6)
  3 gnolls
  A howler monkey skeleton (D:4)
  9 adders
  An ooze (D:2)
  5 worms
  5 dart slugs
  3 leopard geckos
  11 orcs
  3 ball pythons
  4 bats
  3 giant cockroaches
  A goblin (D:1)
  5 hobgoblins
  2 jackals (D:4)
  A quokka (D:3)
  3 frilled lizards
  6 kobolds
  2 rats (D:2)
83 creatures vanquished.

Vanquished Creatures (collateral kills)
  Grinder (D:6)
  The ghost of iamserjio the Sneak, an amateur OpCj (D:3)
  Duvessa (D:6)
  An ogre (D:5)
  Blork the orc (D:6)
  Dowan (D:6)
  2 hounds (D:5)
  An orc wizard (D:4)
  2 iguanas (D:6)
  A worker ant (D:4)
  A gnoll (D:5)
  An adder (D:2)
  2 worms
  A leopard gecko (D:3)
  2 orcs
  A giant cockroach (D:2)
  2 goblins (D:2)
  2 hobgoblins (D:2)
  A quokka (D:2)
  A ball python (D:3)
  3 bats
  A frilled lizard (D:4)
  2 kobolds
  A quokka skeleton (D:4)
33 creatures vanquished.

Vanquished Creatures (others)
  An ogre (D:6)
  A bullfrog (D:6)
  A jackal (D:6)
3 creatures vanquished.

Grand Total: 119 creatures vanquished

Notes
Turn   | Place    | Note
-------+----------+-------------------------------------------
     0 | D:1      | vatarom the Merfolk Summoner began the quest for the Orb.
     0 | D:1      | Reached XP level 1. HP: 13/13 MP: 3/3
   483 | D:1      | Reached skill level 1 in Fighting
   483 | D:1      | Reached XP level 2. HP: 19/21 MP: 5/5
   648 | D:1      | Learned a level 2 spell: Call Imp
  1319 | D:2      | Reached XP level 3. HP: 25/26 MP: 3/6
  1445 | D:2      | Found a hide-covered altar of Uskayaw.
  1446 | D:2      | Found a bloodstained altar of Trog.
  1448 | D:2      | Found a hazy altar of Hepliaklqana.
  1452 | D:2      | Found an opulent altar of Gozag.
  1452 | D:2      | Found a sparkling altar of Nemelex Xobeh.
  1452 | D:2      | Found an iron altar of Okawaru.
  1454 | D:2      | Found a stormy altar of Qazlal.
  1455 | D:2      | Found a deep blue altar of Sif Muna.
  1456 | D:2      | Found a radiant altar of Vehumet.
  1662 | D:2      | Reached XP level 4. HP: 18/34 MP: 5/7
  2095 | D:3      | Noticed iamserjio's ghost (amateur OpCj)
  2406 | D:3      | Learned a level 3 spell: Call Canine Familiar
  2652 | D:3      | Killed iamserjio's ghost
  2652 | D:3      | Reached skill level 5 in Summonings
  2652 | D:3      | Reached XP level 5. HP: 26/41 MP: 2/9
  2905 | D:3      | Found a blossoming altar of Fedhas.
  3685 | D:4      | Reached XP level 6. HP: 23/48 MP: 10/10
  4144 | D:4      | Learned a level 4 spell: Summon Ice Beast
  4768 | D:5      | Entered Level 5 of the Dungeon
  4773 | D:5      | Reached skill level 6 in Summonings
  4903 | D:5      | Reached XP level 7. HP: 55/55 MP: 12/12
  5152 | D:5      | Reached skill level 1 in Ice Magic
  5217 | D:5      | Found a hazy altar of Hepliaklqana.
  5677 | D:5      | Found a glowing silver altar of Zin.
  5678 | D:5      | Found a glowing golden altar of the Shining One.
  5679 | D:5      | Found a white marble altar of Elyvilon.
  5837 | D:6      | Found a staircase to the Ecumenical Temple.
  5850 | Temple   | Entered the Ecumenical Temple
  5991 | D:6      | Noticed Dowan
  5993 | D:6      | Noticed Duvessa
  5996 | D:6      | Noticed Blork the orc
  6018 | D:6      | HP: 2/55 [something (6)]
  6020 | D:6      | Killed Dowan
  6020 | D:6      | Reached skill level 5 in Fighting
  6020 | D:6      | Reached XP level 8. HP: 2/62 MP: 13/13
  6470 | D:6      | Learned a level 4 spell: Summon Lightning Spire
  6494 | D:6      | Killed Duvessa
  6494 | D:6      | Reached skill level 7 in Summonings
  6556 | D:6      | Killed Blork the orc
  6641 | D:6      | Noticed Grinder
  6649 | D:6      | Paralysed by Grinder for 4 turns
  6654 | D:6      | Killed Grinder
  6758 | D:6      | Found a shimmering altar of Xom.
  6898 | D:6      | HP: 3/63 [something (7)]
  6898 | D:6      | Slain by a hound

Skill      XL: |  1  2  3  4  5  6  7  8 |
---------------+-------------------------+-----
Fighting       | 1 2 3 4 5 |  5.5
Summonings     | 5 6 7 |  7.5
Spellcasting   | 3 4 |  4.4
Ice Magic      | 2 |  2.8
Dodging        | |  2.6
Stealth        | |  2.1

Action                   |  1- 3 |  4- 6 |  7- 9 || total
-------------------------+-------+-------+-------++-------
Melee: Whip              |    17 |       |       ||    17
       Unarmed           |     9 |       |       ||     9
       Mace              |    37 |   147 |   126 ||   310
 Cast: Summon Small Mamm |    10 |       |       ||    10
       Call Imp          |     5 |    21 |     2 ||    28
       Call Canine Famil |       |    12 |     5 ||    17
       Summon Ice Beast  |       |       |     7 ||     7
  Use: Potion            |       |     2 |     3 ||     5
       Scroll            |       |     3 |     2 ||     5
 Stab: Sleeping          |     3 |     4 |       ||     7
  Eat: Chunk             |     3 |     6 |     5 ||    14
       Ration            |       |     2 |     1 ||     3
Armor: Robe              |    23 |    46 |    49 ||   118
Dodge: Dodged            |    65 |   139 |    95 ||   299
